 Dungeon Crawl Stone Soup version 0.28.0-45-g0d030f2227 (console) character file.

Game seed: 5692169239614190374

12 Faeu the Covered (level 2, 0/27 HPs)
             Began as a Minotaur Fighter on Apr 19, 2022.
             Succumbed to an adder's poison
             ... on level 2 of the Dungeon.
             The game lasted 00:01:57 (699 turns).

Faeu the Covered (Minotaur Fighter)                  Turns: 699, Time: 00:01:58

Health: 0/27       AC:  7    Str: 20    XL:     2   Next: 20%
Magic:  1/1        EV:  9    Int:  5    God:
Gold:   35         SH:  4    Dex:  9    Spells: 1/1 levels left

rFire   . . .      SeeInvis .   a - +0 long sword {long}
rCold   . . .      Faith    .   c - +0 buckler
rNeg    . . .      Spirit   .   b - +0 scale mail
rPois   .          Reflect  .   (helmet restricted)
rElec   .          Harm     .   (no cloak)
rCorr   .          Rampage  .   (no gloves)
Will    .....                   (no boots)
Stlth   ..........              (no amulet)
HPRegen 0.09/turn               i - ring of flight
MPRegen 0.07/turn               (no ring)

@: lethally poisoned (0 -> -2), flying
A: horns 2, retaliatory headbutt
a: no special abilities


You were on level 2 of the Dungeon.
You visited 1 branch of the dungeon, and saw 2 of its levels.

You collected 35 gold pieces.


Innate Abilities, Weirdness & Mutations

You have a pair of horns on your head.
You reflexively headbutt those who attack you in melee.


   Skills:
 + Level 3.9 Fighting
 + Level 2.7 Long Blades
 + Level 3.9 Armour
 + Level 3.8 Shields


You had one spell level left.
You didn't know any spells.
Your spell library contained the following spells:

 Spells                   Type           Power      Damage    Failure   Level
 Foxfire                  Conj/Fire      0%         2x1d4     89%         1
 Conjure Flame            Conj/Fire      0%         6-21      99%         3
 Inner Flame              Hex/Fire       0%         N/A       99%         3
 Flame Wave               Conj/Fire      0%         2d4       100%        4

Inventory:

Hand Weapons
 a - a +0 long sword (weapon) {long}
 h - a +2 dagger of venom {short}
   (You found it on level 1 of the Dungeon)
Armour
 b - a +0 scale mail (worn)
 c - a +0 buckler (worn)
Jewellery
 i - a ring of flight (left hand)
   (You found it on level 1 of the Dungeon)
Scrolls
 e - 2 scrolls of teleportation {unknown}
 f - a scroll of vulnerability {unknown}
 g - a scroll of identify {unknown}
Potions
 d - a potion of might

Dungeon Overview and Level Annotations

Branches:
Dungeon (2/15)

Altars:

. #. #.#.####.# ..
≈≈##.###........#
...≈≈≈≈..≈.........#
...≈≈≈≈≈≈........#
#.#####≈≈≈......#
#.##...............#
#......<###.##...#.#
######### #.###..#.#
#.###.S#.#
#......#.#
######@#†# #.#.#
#...# #...# #...#
#..>.. ###.#.# #+#.#
. ..


You could see an adder.


Message History

A quokka comes into view.
You see here 12 gold pieces. 😎 HP[+3]
The quokka barely misses you. You furiously retaliate!
You headbutt the quokka.
You kill the quokka!
You have reached level 2! 😎 HP[+7] MP[+1]
You now have 27 max hp (+7).
Your mp is fully restored (1).
You now have 10 gold pieces.
You now have 22 gold pieces (gained 12).
h - a +2 dagger of venom {short} You open the door.
There is an open door here.
You open the door.
There is an open door here.
You see here a +0 flail {mace}.
You see here a +0 short sword {short}.
You see here 21 stones {throwing}.
You open the door.
There is an open door here.
There is an open door here.
You are caught in the web!
i - a ring of flight
There is a web here.
You fly up into the air.
i - a ring of flight (left hand)
You disentangle yourself.
Done exploring.
Done exploring.
(D) Dungeon
Where to? (? - help)
There is a stone staircase leading down here.
You fly downwards.
There is a stone staircase leading up here.
You now have 35 gold pieces (gained 13).
A worm comes into view.
You slash the worm! The worm bites you. 😕 HP[-1]
You take 1 damage, and now have 26/27 hp.
You hit the worm but do no damage. You slash the worm!
Your headbutt misses the worm. The worm bites you! 😮 HP[-7]
You take 7 damage, and now have 19/27 hp.
MASSIVE DAMAGE!! (PAUSE)
You barely miss the worm. The worm bites you. 😮 HP[-5]
You take 5 damage, and now have 14/27 hp.
You barely miss the worm. The worm barely misses you.
You barely miss the worm. The worm closely misses you.
You slash the worm!
You kill the worm! 😮 HP[+1]
You see here a worm corpse.
An adder comes into view. 😮 HP[+2]
You regained 2 hp, and now have 17/27 hp.
The adder hisses angrily. 😮 HP[+1]
The adder bites you. 😮 HP[-2]
You take 2 damage, and now have 16/27 hp.
You closely miss the adder. You block the adder's attack.
The adder barely misses you.
You barely miss the adder. The adder bites you but does no damage.
The adder bites you.
* * * LOW HITPOINT WARNING * * *
You are poisoned.
The adder poisons you! 😨 HP[-3]
You take 3 damage, and now have 13/27 hp.
You barely miss the adder.
You feel sick.
The adder bites you but does no damage. 😨 HP[-2]
You take 2 damage, and now have 11/27 hp.
You hit the adder.
You feel sick. The adder bites you.
* * * LOW HITPOINT WARNING * * *
The adder completely misses you. 😨 HP[-2]
You take 2 damage, and now have 9/27 hp.
You barely miss the adder.
You feel sick.
You are no longer poisoned.
The adder bites you.
* * * LOW HITPOINT WARNING * * *
You are poisoned.
The adder poisons you! The adder bites you.
* * * LOW HITPOINT WARNING * * *
😱 HP[-4]
You take 4 damage, and now have 5/27 hp.
* * * LOW HITPOINT WARNING * * *
You feel sick. 😱 HP[-2]
You take 2 damage, and now have 3/27 hp.
* * * LOW HITPOINT WARNING * * *
You feel sick. 😱 HP[-1]
You take 1 damage, and now have 2/27 hp.
* * * LOW HITPOINT WARNING * * *
You feel sick. You block the adder's attack. 😱 HP[-1]
You take 1 damage, and now have 1/27 hp.
* * * LOW HITPOINT WARNING * * *
You feel sick.
You die...

Action                   || total
-------------------------++-------
Melee: Long sword        ||    30
       Headbutt          ||     1
Armor: Scale mail        ||    11
Dodge: Dodged            ||    17
Block: Buckler           ||     8

Levels and vault maps discovered:
D:1:      eino_arrival_water_cross, layout_basic, corner_web_ring, hex_large
D:2:      layout_basic, hellmonk_ecumenical_altar_inner_sanctum, serial_rivers,
          chequers_serial_rivers_micro_b, chequers_serial_rivers_room_a,
          chequers_serial_rivers_small_3, chequers_serial_rivers_large_a,
          chequers_serial_rivers_room_b, serial_shops,
          nicolae_shop_competitors_out_of_business,
          chequers_serial_rivers_small_a, minmay_tromino_v7

Notes
Turn   | Place    | Note
-------+----------+-------------------------------------------
     0 | D:1      | Faeu the Minotaur Fighter began the quest for the Orb.
     0 | D:1      | Reached XP level 1. HP: 19/19 MP: 0/0
     0 | D:1      | magus.rc [v1.9.6]
   216 | D:1      | You pick up a book of Flames and begin reading...
   216 | D:1      | You add the spells Foxfire, Conjure Flame, Inner Flame and
                  | Flame Wave to your library.
   519 | D:1      | Reached XP level 2. HP: 27/27 MP: 1/1
   694 | D:2      | HP: 5/27 [adder (2)]
   696 | D:2      | HP: 2/27 [poisoned by an adder]
   699 | D:2      | Succumbed to an adder's poison

Vanquished Creatures
  A worm (D:2)
  2 ball pythons (D:1)
  A kobold (D:1)
  2 quokkas (D:1)
  A bat (D:1)
  2 frilled lizards (D:1)
  A rat (D:1)
10 creatures vanquished.

Table legend:
 A = Non-vault XP
 B = Vault XP
 C = Vault XP percentage of total XP
 D = Non-vault monster count
 E = Vault monster count
 F = Vault count percentage of total count
                 A         B        C        D         E       F
            +---------+---------+-------+---------+---------+-------
      Total |      18 |       0 |   0.0 |      10 |       0 |   0.0
            +---------+---------+-------+---------+---------+-------
        D:1 |      13 |       0 |   0.0 |       9 |       0 |   0.0
        D:2 |       5 |       0 |   0.0 |       1 |       0 |   0.0
            +---------+---------+-------+---------+---------+-------

Illustrated notes

Table legend:
 A = Kills in this place as a percentage of kills in entire the game.
 B = Kills by you in this place as a percentage of kills by you in the entire game.
 C = Kills by friends in this place as a percentage of kills by friends in the entire game.
 D = Other kills in this place as a percentage of other kills in the entire game.
 E = Experience gained in this place as a percentage of experience gained in the entire game.
 F = Experience gained in this place divided by the number of levels of this place that you have seen.
                   A       B       C       D       E      F
               +-------+-------+-------+-------+-------+----------------------
         Total | 100.0 | 100.0 |   N/A |   N/A | 100.0 |   9.0
       Dungeon | 100.0 | 100.0 |   N/A |   N/A | 100.0 |   9.0
               +-------+-------+-------+-------+-------+----------------------

Table legend: (Time is in decaauts)
 A = Elapsed time spent in this place.
 B = Non-inter-level travel time spent in this place.
 C = Inter-level travel time spent in this place.
 D = Time resting spent in this place.
 E = Time spent auto-exploring this place.
 F = Levels seen in this place.
 G = Mean time per level.
                   A        B        C        D        E       F      G
               +--------+--------+--------+--------+--------+-----+--------+
         Total |    707 |    683 |     24 |      0 |    531 |   2 |  353.5 |
       Dungeon |    707 |    683 |     24 |      0 |    531 |   2 |  353.5 |
               +--------+--------+--------+--------+--------+-----+--------+

Top non-repeatable levels by time:
     D:1: 635 daAuts
     D:2: 72 daAuts
